 Dungeon Crawl Stone Soup version 0.28-a0-1624-g820543e53a (webtiles) character file.

Game seed: 15142147290771024170

261678 dolemite99 the Cleaver (level 19, -1/153 HPs)
             Began as a Demonspawn Fighter on Jan 24, 2022.
             Was an Initiate of Gozag.
             Slain by a tentacled starspawn (18 damage)
             ... on level 2 of the Abyss.
             The game lasted 01:10:07 (64998 turns).

dolemite99 the Cleaver (Demonspawn Fighter)        Turns: 64998, Time: 01:10:08

Health: -1/153     AC: 22    Str: 24      XL:     19   Next: 20%
Magic:  19/19      EV:  6    Int:  9      God:    Gozag
Gold:   418        SH: 12    Dex: 13 (14) Spells: 18/18 levels left

rFire   + . .      SeeInvis .   a - +3 broad axe (vorpal)
rCold   . . .      Faith    .   t - +0 kite shield {reflect}
rNeg    . . .      Spirit   .   H - +4 plate armour
rPois   .          Reflect  +   (helmet unavailable)
rElec   .          Harm     .   (cloak unavailable)
rCorr   .          Rampage  +   (gloves unavailable)
Will    +....                   l - +1 pair of boots {rampage}
Stlth   ..........              g - amulet of regeneration
HPRegen 1.15/turn               p - ring of protection from fire
MPRegen 0.16/turn               e - +4 ring of slaying {=R}

@: hasted, very quick
A: horns 3, foul stench 2, demonic magic 2, weakness stinger 3, demonic touch 3
}: 2/15 runes: decaying, serpentine
a: Renounce Religion, Potion Petition, Call Merchant, Bribe Branch


You were on level 2 of the Abyss.
You worshipped Gozag.
Gozag was aware of your devotion.
You visited 6 branches of the dungeon, and saw 35 of its levels.
You visited the Abyss 1 time.

You collected 15957 gold pieces.
You spent 1026 gold pieces at shops.
You paid 14513 gold pieces to Gozag.

Inventory:

Hand Weapons
 a - a +3 vorpal broad axe (weapon)
 b - the +9 fustibalus of Hedemm {venom, Str+2}
   (You found it on level 6 of the Lair of Beasts)

   Any ammunition fired from it poisons the flesh of those it strikes.
   Str:       It affects your strength (+2).
 n - a +1 war axe of venom
 v - the +10 mace of Impeachment {vorpal, rElec}
   (You found it on level 5 of the Dungeon)

   It inflicts extra damage upon your enemies.
   rElec:     It insulates you from electricity.
Missiles
 h - 12 sling bullets
 o - 968 stones (quivered)
 M - 4 throwing nets
Armour
 l - a +1 pair of boots of rampaging (worn)
 q - a +2 pair of gloves
 s - a +1 plate armour
 t - a +0 kite shield of reflection (worn)
 H - a +4 plate armour (worn)
Magical Staves
 S - a staff of fire
Jewellery
 e - a +4 ring of slaying (right hand) {=R}
 f - a ring of see invisible
 g - an amulet of regeneration (around neck)
 j - a ring of poison resistance
 p - a ring of protection from fire (left hand)
 T - a ring of ice
 W - a ring of resist corrosion
Wands
 z - a wand of iceblast (6)
 B - a wand of digging (8)
 I - a wand of flame (79)
 K - a wand of polymorph (30)
 P - a wand of mindburst (6)
Scrolls
 c - 5 scrolls of amnesia
 i - 11 scrolls of identify {@r1}
 m - 5 scrolls of immolation
 y - 3 scrolls of enchant armour
 A - a scroll of brand weapon
 C - 4 scrolls of vulnerability
 J - a scroll of blinking
 Q - 4 scrolls of fog
Potions
 d - 4 potions of mutation
 k - 5 potions of lignification
 u - 2 potions of flight
 w - 4 potions of berserk rage
 x - a potion of cancellation
 D - a potion of haste
 E - 7 potions of ambrosia
 V - 4 potions of attraction {unknown}
 Y - a potion of magic {unknown}
 Z - 5 potions of brilliance {unknown}
Miscellaneous
 r - a phantom mirror (inert)
 F - a phial of floods
 L - a lightning rod (3/4)
 R - a box of beasts
 X - a phantom mirror (inert)


   Skills:
 - Level 14.5 Fighting
 + Level 14.9(17.0) Axes
 - Level 13.8(16.5) Maces & Flails
 - Level 12.8 Slings
 - Level 12.4 Armour
 - Level 13.7 Shields
 - Level 7.5 Evocations


You had 18 spell levels left.
You didn't know any spells.
Your spell library contained the following spells:

 Spells                   Type           Power      Damage    Failure   Level
 Animate Skeleton         Necr           0%         N/A       100%        1
 Freeze                   Ice            0%         1d3       100%        1
 Pain                     Necr           0%         1d4       100%        1
 Sandblast                Erth           0%         2d4       100%        1
 Slow                     Hex            0%         N/A       100%        1
 Blink                    Tloc           0%         N/A       100%        2
 Corpse Rot               Necr/Air       0%         N/A       100%        2
 Ensorcelled Hibernation  Hex/Ice        0%         N/A       100%        2
 Passwall                 Tmut/Erth      0%         N/A       100%        2
 Poisonous Vapours        Pois/Air       0%         N/A       100%        2
 Sublimation of Blood     Necr           0%         N/A       100%        2
 Wereblood                Tmut           0%         N/A       100%        2
 Confusing Touch          Hex            0%         N/A       100%        3
 Conjure Flame            Conj/Fire      0%         6-21      100%        3
 Frozen Ramparts          Ice            0%         1d2       100%        3
 Ignite Poison            Fire/Tmut/Pois 0%         N/A       100%        3
 Lesser Beckoning         Tloc           0%         N/A       100%        3
 Spider Form              Tmut/Pois      0%         N/A       100%        3
 Stone Arrow              Conj/Erth      0%         3d7       100%        3
 Vampiric Draining        Necr           0%         2d6       100%        3
 Anguish                  Hex/Necr       0%         N/A       100%        4
 Animate Dead             Necr           0%         N/A       100%        4
 Dispel Undead            Necr           0%         3d6       100%        4
 Fulminant Prism          Conj/Hex       0%         3d6       100%        4
 Hailstorm                Conj/Ice       0%         3d3       100%        4
 Iskenderun's Mystic Bla  Conj/Tloc      0%         2d3       100%        4
 Sticky Flame             Conj/Fire      0%         2d3       100%        4
 Lee's Rapid Deconstruct  Erth           0%         3d5*      100%        5
 Manifold Assault         Tloc           0%         N/A       100%        5
 Summon Forest            Summ/Tloc      0%         N/A       100%        5
 Eringya's Noxious Bog    Tmut/Pois      0%         N/A       100%        6
 Haunt                    Necr/Summ      0%         N/A       100%        7
 Summon Hydra             Summ           0%         N/A       100%        7
 Chain Lightning          Conj/Air       0%         N/A       100%        9
 Fire Storm               Conj/Fire      0%         5d1       100%        9
 Shatter                  Erth           0%         3d5*      100%        9


Dungeon Overview and Level Annotations

Branches:
Dungeon (15/15)            Temple (0/1) D:5            Lair (6/6) D:8
  Swamp (4/4) Lair:3        Snake (4/4) Lair:4        Slime (0/5) Lair:6
    Orc (2/2) D:12            Elf (0/3) Orc:2        Vaults (4/5) D:14
 Depths (0/4) D:15
  Crypt: Vaults:2-3

Altars:
Ashenzari
Dithmenos
Fedhas
Gozag
Trog
Yredelemnul
The Shining One
Beogh
Jiyva
Lugonu

Shops:
D:2 =   D:7 !   D:9 :   Orc:1 ?   Orc:2 !(*[   Snake:2 :=:   Vaults:1 ?(

Portals:
Abyss: Lair:6

Annotations:
D:15 3 runed translucent doors
Lair:5 1 runed translucent door, murtidash's ghost, journeyman DjCA
Swamp:1 2 transporters, EachDarkElm's ghost, journeyman MiBe
Snake:4 Saint Roka
Vaults:1 2 transporters


Innate Abilities, Weirdness & Mutations

You have a pair of large horns on your head.
You sometimes emit foul miasma when damaged in melee.
Spells you cast may paralyse nearby enemies.
You have a sharp stinger which inflicts weakening toxins.
Your touch may irresistibly damage your foes and sap their willpower.


Message History

You kill the sun demon!
That felt strangely unrewarding.
You feel better.
You block the large abomination's attack.
You feel better. The large abomination hits you!!
* * * LOW HITPOINT WARNING * * *
You feel yourself speed up.
You block the large abomination's attack.
You feel better.
You hit the large abomination but do no damage.
You headbutt the large abomination!
You tail-slap the large abomination, but do no damage.
The large abomination is moderately damaged.
The large abomination hits you!!
* * * LOW HITPOINT WARNING * * *
You hit the large abomination but do no damage.
You headbutt the large abomination!
The large abomination is heavily damaged.
The large abomination hits you.
* * * LOW HITPOINT WARNING * * *
You slice the large abomination!!
Your headbutt misses the large abomination.
The large abomination is almost destroyed.
You slice the large abomination!!
You destroy the large abomination!
That felt strangely unrewarding.
The tentacled starspawn bites you!
* * * LOW HITPOINT WARNING * * *
The tentacled starspawn tentacle-slaps you but does no damage.
You slash the tentacled starspawn! You headbutt the tentacled starspawn!
Your tail-slap misses the tentacled starspawn.
The tentacled starspawn is moderately damaged.
A tentacle flies out from the starspawn's body!
A starspawn tentacle comes into view.
You slash the tentacled starspawn! You headbutt the tentacled starspawn!
You tail-slap the tentacled starspawn!
The tentacled starspawn is severely damaged.
The tentacled starspawn bites you!!
You die...
Your body crumbles into a pile of gold.

. . . ... ....
# .## .. # #.
##..# ## .. ..
. ...# . .# ..
. .# .#.# . .
..# ###..# #..
.#### #...# #.
. . X...#.
3#@#...... #
....
3.3§§#wXX##
.... ..# #
#..##3........
#. ###§## # .
... #.# .....
.. .. .#. '
#### .# . . ..


You could see 2 tentacled starspawn, a smoke demon and a starspawn tentacle.

Vanquished Creatures
  Mara (Vaults:3)
  Bai Suzhen (Vaults:3)
  4 sphinxes
  Kirke (Lair:4)
  A fenstrider witch (Swamp:2)
  Donald (Snake:2)
  2 vault wardens (Vaults:3)
  3 ghouls (Swamp:4)
  7 ironbound preservers
  2 ironbound thunderhulks
  A quicksilver ooze (Lair:4)
  3 eleionomae
  3 war gargoyles
  A lorocyproca (Abyss:2)
  4 dire elephants (Vaults:1)
  A deep elf death mage (Vaults:1)
  4 bunyips
  An ettin (Orc:2)
  6 yaktaur captains
  3 fire dragons (Swamp:4)
  A great orb of eyes (Vaults:1)
  2 vault guards (Vaults:3)
  7 boulder beetles
  2 peacekeepers
  A catoblepas (Lair:6)
  15 hydras
  4 ironbound frosthearts
  12 naga warriors
  2 ghost crabs
  4 centaur warriors (Vaults:2)
  9 two-headed ogres
  Erica (D:8)
  11 alligators
  9 anacondas
  A deep troll earth mage (Vaults:3)
  A death yak (Lair:4)
  4 thrashing horrors
  5 shock serpents
  3 naga sharpshooters
  Sonja (Orc:1)
  A sun demon (Abyss:2)
  3 fire crabs (Swamp:4)
  2 salamander mystics (Snake:3)
  10 goliath frogs
  19 deep trolls
  A sixfirhy (Abyss:2)
  5 spriggan druids
  A naga ritualist (Snake:1)
  A spatial maelstrom (Abyss:2)
  5 swamp dragons
  3 wizards
  3 bog bodies
  6 ironbound convokers
  8 lindwurms
  3 harpies (Vaults:1)
  A deep elf pyromancer (D:13)
  10 mana vipers
  A necromancer (Swamp:2)
  19 ugly things
  A manticore (shapeshifter) (D:15)
  An orc sorcerer (Orc:2)
  5 manticores
  4 will-o-the-wisps
  4 cyclopes
  8 salamanders
  13 elephants
  6 vault sentinels
  4 guardian serpents (Snake:3)
  2 smoke demons (Lair:6)
  Maurice (D:12)
  21 black mambas
  2 gargoyles (D:12)
  9 cane toads
  6 naga magi
  2 torpor snails (Lair:6)
  A kobold demonologist (D:9)
  20 yaktaurs
  Psyche (D:9)
  2 hydra zombies (Swamp:2)
  3 rime drakes
  6 komodo dragons
  4 unseen horrors
  A hellwing (Abyss:2)
  2 ancient zymes (Lair:6)
  3 meliai (Lair:4)
  12 tyrant leeches
  2 bloated husks
  5 trolls
  Grinder (D:5)
  5 polar bears
  A queen bee (Lair:4)
  6 hornets
  A hornet (shapeshifter) (Lair:6)
  30 slime creatures
  42 blink frogs
  2 dream sheep (Lair:6)
  7 spriggans
  2 ynoxinuls
  2 shadows
  2 wyverns (Lair:4)
  6 basilisks
  12 small abominations (Lair:6)
  49 yaks
  4 chaos spawn
  3 steam dragons
  Menkaure (D:4)
  Edmund (D:6)
  8 vampire mosquitoes
  3 wargs
  2 acid dragons
  26 nagas
  14 swamp worms
  23 water moccasins
  4 ice beasts
  Duvessa (D:6)
  21 orc warriors
  A sky beast (D:6)
  6 large abominations
  2 black bears
  3 necrophages
  9 ogres
  8 swamp drakes (Swamp:4)
  2 centaurs
  32 wolves
  A phantom (D:5)
  2 kobold brigands
  9 bullfrogs
  A scorpion (D:7)
  2 wyvern skeletons (D:6)
  48 killer bees
  Dowan (D:6)
  10 wights
  3 electric eels
  A quasit (Abyss:2)
  2 centaur zombies
  3 hounds
  6 jellies
  A bullfrog skeleton (D:6)
  2 centaur skeletons
  14 orc priests
  4 iguanas
  11 orc wizards
  14 hell rats
  A killer bee zombie (D:7)
  2 hound skeletons
  Robin (D:3)
  3 gnolls (D:3)
  11 adders
  3 river rats
  3 shadow imps
  An ufetubus (Abyss:2)
  A worm (D:4)
  2 dart slugs
  66 orcs
  2 bats (D:3)
  3 endoplasms
  2 giant cockroaches
  10 hobgoblins
  2 jackals (D:4)
  9 ball pythons
  4 frilled lizards
  22 goblins
  21 kobolds
  13 rats
1057 creatures vanquished.

Vanquished Creatures (collateral kills)
  The ghost of Rairoumm the Warrior, an adept GrFi of the Shining One (D:15)
  A nagaraja (Snake:4)
  An orc warlord (Orc:2)
  A bunyip (Swamp:1)
  A naga warrior (Snake:4)
  A hydra (D:13)
  4 anacondas (Snake:4)
  An ogre mage (Orc:2)
  2 two-headed ogres (Orc:2)
  3 shock serpents (Snake:4)
  A naga sharpshooter (Snake:4)
  3 salamander mystics (Snake:4)
  3 naga ritualists
  3 mana vipers
  A cyclops (D:14)
  2 salamanders (Snake:4)
  A manticore (D:14)
  3 ugly things
  2 guardian serpents (Snake:4)
  8 black mambas
  2 naga magi (Snake:4)
  A kobold demonologist (D:13)
  7 slime creatures
  2 vampire mosquitoes (D:14)
  4 nagas
  A swamp worm (Swamp:1)
  A meliai simulacrum (D:14)
  6 ogres
  A boggart (D:14)
  2 orc wizards (Orc:1)
  5 orcs
  2 kobolds (D:13)
77 creatures vanquished.

Vanquished Creatures (others)
  Aizul (Snake:4)
  An ettin (D:13)
  A fire dragon (shapeshifter) (D:15)
  3 naga warriors (Snake:4)
  A peacekeeper (Vaults:3)
  A vault guard (D:14)
  2 ogre magi (Orc:2)
  5 salamander tyrants (Snake:4)
  5 centaur warriors
  An anaconda (Snake:4)
  4 two-headed ogres (Orc:2)
  6 naga sharpshooters (Snake:4)
  3 salamander mystics (Snake:4)
  A naga ritualist (Snake:4)
  A wizard (D:12)
  An orc sorcerer (Snake:4)
  A mana viper (Snake:4)
  A deep elf pyromancer (D:14)
  3 salamanders (Snake:4)
  A guardian serpent (Snake:4)
  4 black mambas (Snake:4)
  6 naga magi (Snake:4)
  A gargoyle (D:12)
  A troll (D:12)
  A bloated husk (Swamp:2)
  6 slime creatures
  3 humans (Lair:4)
  A steam dragon (Swamp:4)
  A warg (Snake:4)
  11 nagas (Snake:4)
  2 orc warriors
  3 swamp drakes (Swamp:4)
  8 ogres
  4 centaurs
  A bullfrog (Lair:4)
  2 killer bees (Lair:4)
  An orc priest (Snake:4)
  7 orcs
  18 foxfires
  62 fungi
  75 plants
  11 starspawn tentacles (Abyss:2)
272 creatures vanquished.

Grand Total: 1406 creatures vanquished

Notes
Turn   | Place    | Note
-------+----------+-------------------------------------------
     0 | D:1      | dolemite99 the Demonspawn Fighter began the quest for the
                  | Orb.
     0 | D:1      | Reached XP level 1. HP: 18/18 MP: 1/1
   837 | D:1      | Gained mutation: Spells you cast may paralyse adjacent
                  | enemies. [demonic ancestry]
   837 | D:1      | Reached XP level 2. HP: 24/24 MP: 2/2
   877 | D:1      | Found a faded altar of an unknown god.
   900 | D:1      | Prayed at the altar of an unknown god.
   900 | D:1      | Became a worshipper of Gozag Ym Sagoz the Greedy
  1074 | D:2      | Found Guunuo's Jewellery Boutique.
  1253 | D:2      | Discovered your monstrous ancestry.
  1253 | D:2      | Gained mutation: You have a pair of small horns on your
                  | head. [demonic ancestry]
  1253 | D:2      | Reached XP level 3. HP: 25/29 MP: 3/3
  2197 | D:3      | Reached XP level 4. HP: 35/35 MP: 4/4
  2527 | D:3      | Gained mutation: You have a small tail. [demonic ancestry]
  2527 | D:3      | Reached XP level 5. HP: 12/41 MP: 5/5
  3201 | D:3      | Noticed Robin
  3240 | D:3      | Killed Robin
  3241 | D:3      | Reached skill level 5 in Axes
  3462 | D:3      | Found a basalt altar of Yredelemnul.
  4519 | D:4      | Reached XP level 6. HP: 32/47 MP: 6/6
  4994 | D:4      | Noticed Menkaure
  5001 | D:4      | Killed Menkaure
  5592 | D:4      | Gained mutation: You may rarely emit foul miasma when
                  | damaged in melee. [demonic ancestry]
  5592 | D:4      | Reached XP level 7. HP: 52/52 MP: 7/7
  6022 | D:5      | Entered Level 5 of the Dungeon
  6027 | D:5      | Identified the +10 mace of Impeachment {vorpal, rElec}
  6114 | D:5      | Reached skill level 1 in Maces & Flails
  6237 | D:5      | Noticed Grinder
  6237 | D:5      | Paralysed by Grinder for 5 turns
  6270 | D:5      | Killed Grinder
  6472 | D:5      | Found a staircase to the Ecumenical Temple.
  6478 | D:5      | Gained mutation: You have a tail ending in a sharp stinger.
                  | [demonic ancestry]
  6478 | D:5      | Reached XP level 8. HP: 44/58 MP: 8/8
  6655 | D:5      | Reached skill level 5 in Maces & Flails
  6884 | D:6      | Noticed Dowan
  6889 | D:6      | Noticed Duvessa
  6898 | D:6      | Killed Dowan
  6901 | D:6      | Killed Duvessa
  6923 | D:6      | Found the +1 Delatra's gloves {ID++}
  7081 | D:6      | Noticed Edmund
  7090 | D:6      | Killed Edmund
  7431 | D:6      | Gained mutation: Your touch may inflict minor irresistible
                  | damage on your foes. [demonic ancestry]
  7431 | D:6      | Reached XP level 9. HP: 63/63 MP: 9/9
  7789 | D:7      | Found Oruhykoc's Distillery.
  7805 | D:7      | Bought a potion of might for 48 gold pieces
  8721 | D:8      | Noticed Erica
  8731 | D:8      | Killed Erica
  8732 | D:8      | Reached skill level 10 in Maces & Flails
  9191 | D:8      | Found a staircase to the Lair.
  9191 | D:8      | Noticed an elephant
  9401 | D:8      | Found a blossoming altar of Fedhas.
  9500 | D:8      | Killed an elephant
  9501 | D:8      | Gained mutation: Your touch may inflict irresistible damage
                  | on your foes. [demonic ancestry]
  9501 | D:8      | Reached XP level 10. HP: 60/70 MP: 10/10
 10054 | D:9      | Noticed Psyche
 10062 | D:9      | Killed Psyche
 10071 | D:9      | Found Qouxe's Book Shop.
 10248 | D:9      | Reached skill level 5 in Fighting
 10268 | D:9      | Reached skill level 5 in Armour
 11094 | D:9      | Noticed a two-headed ogre
 11108 | D:9      | Killed a two-headed ogre
 11415 | D:9      | Noticed a two-headed ogre
 11423 | D:9      | Killed a two-headed ogre
 11589 | D:9      | Gained mutation: Spells you cast may paralyse nearby
                  | enemies. [demonic ancestry]
 11589 | D:9      | Reached XP level 11. HP: 78/84 MP: 11/11
 12173 | D:10     | Entered Level 10 of the Dungeon
 12330 | D:10     | Noticed a two-headed ogre
 12341 | D:10     | Killed a two-headed ogre
 12901 | D:11     | Noticed a two-headed ogre
 12914 | D:11     | Killed a two-headed ogre
 13654 | D:12     | Noticed a cyan ugly thing
 13667 | D:12     | Killed a cyan ugly thing
 14147 | D:12     | Reached skill level 5 in Shields
 14350 | D:12     | Noticed Maurice
 14357 | D:12     | Killed Maurice
 14580 | D:12     | Found a staircase to the Orcish Mines.
 14901 | D:12     | Gained mutation: You sometimes emit foul miasma when
                  | damaged in melee. [demonic ancestry]
 14901 | D:12     | Reached XP level 12. HP: 74/95 MP: 12/12
 15236 | Lair:1   | Entered Level 1 of the Lair of Beasts
 16071 | Lair:1   | Noticed a seven-headed hydra
 16083 | Lair:1   | Killed a seven-headed hydra
 16656 | Lair:2   | Reached skill level 10 in Fighting
 17373 | Lair:2   | Noticed a seven-headed hydra
 17381 | Lair:2   | Killed a seven-headed hydra
 17661 | Lair:2   | Noticed an eight-headed hydra
 17666 | Lair:2   | Killed an eight-headed hydra
 18181 | Lair:2   | Reached XP level 13. HP: 104/104 MP: 13/13
 19914 | Lair:3   | Gained mutation: You have a pair of horns on your head.
                  | [demonic ancestry]
 19914 | Lair:3   | Reached XP level 14. HP: 62/111 MP: 14/14
 20428 | Lair:3   | Found a staircase to the Swamp.
 21752 | Lair:4   | Found a staircase to the Snake Pit.
 21899 | Lair:4   | Noticed a quicksilver ooze
 21910 | Lair:4   | Killed a quicksilver ooze
 22117 | Lair:4   | Noticed Kirke
 22128 | Lair:4   | Killed Kirke
 23710 | Lair:5   | Found a runed translucent door.
 23723 | Lair:5   | Noticed murtidash's ghost (journeyman DjCA)
 24446 | Lair:6   | Entered Level 6 of the Lair of Beasts
 25527 | Lair:6   | Reached skill level 1 in Evocations
 26271 | Lair:6   | Gained mutation: You have a sharp stinger which inflicts
                  | weakening toxins. [demonic ancestry]
 26271 | Lair:6   | Reached XP level 15. HP: 101/117 MP: 15/15
 26301 | Lair:6   | Reached skill level 5 in Evocations
 26338 | Lair:6   | Identified the +0 plate armour "Ajotz" {Harm rC- rCorr
                  | Dex+5}
 26747 | Lair:6   | Found a corrupted altar of Lugonu.
 26747 | Lair:6   | Found a one-way gate to the infinite horrors of the Abyss.
 27762 | Lair:6   | Found a viscous altar of Jiyva.
 27763 | Lair:6   | Found a staircase to the Slime Pits.
 27809 | Lair:6   | Identified the +9 fustibalus of Hedemm {venom, Str+2}
 28344 | D:12     | Reached skill level 1 in Slings
 28871 | D:12     | Noticed a frost giant
 29090 | Orc:1    | Entered Level 1 of the Orcish Mines
 29092 | Orc:1    | Noticed Sonja
 29105 | Orc:1    | Killed Sonja
 29614 | Orc:2    | Entered Level 2 of the Orcish Mines
 29614 | Orc:2    | Found a staircase to the Elven Halls.
 29677 | Orc:2    | Noticed an orc warlord
 29898 | Orc:2    | Killed an orc warlord
 29899 | Orc:2    | Reached skill level 5 in Slings
 30201 | Orc:2    | Paralysed by an ogre mage for 4 turns
 30714 | Orc:1    | Found Sof Suennu's Magic Scroll Boutique.
 31274 | D:13     | Found a blossoming altar of Fedhas.
 31997 | D:14     | Found a broken altar of Ashenzari.
 32895 | D:14     | Found a gate to the Vaults.
 33033 | D:14     | Found a shadowy altar of Dithmenos.
 33130 | D:15     | Entered Level 15 of the Dungeon
 33269 | D:15     | Found a runed translucent gate.
 33269 | D:15     | Found a runed translucent gate.
 33269 | D:15     | Found a runed translucent gate.
 33270 | D:15     | Noticed Rairoumm's ghost (adept GrFi)
 33285 | D:15     | Killed Rairoumm's ghost
 33876 | D:15     | Found a staircase to the Depths.
 34004 | Orc:2    | Found Yliach's Armour Shoppe.
 34004 | Orc:2    | Found Ykyasi's Antique Weapon Shop.
 34005 | Orc:2    | Found Utiex's Assorted Antiques.
 34005 | Orc:2    | Found Zogoes's Distillery.
 34075 | Orc:2    | Bought a potion of curing for 102 gold pieces
 34084 | Orc:2    | Bought a potion of heal wounds for 60 gold pieces
 34084 | Orc:2    | Bought a potion of haste for 120 gold pieces
 34084 | Orc:2    | Bought 2 potions of might for 96 gold pieces
 34084 | Orc:2    | Bought a potion of berserk rage for 60 gold pieces
 34205 | Orc:2    | Paralysed by an ogre mage for 3 turns
 34707 | Orc:1    | Reached XP level 16. HP: 104/124 MP: 16/16
 35153 | D:2      | Bought a ring of poison resistance for 200 gold pieces
 35314 | Snake:1  | Entered Level 1 of the Snake Pit
 35331 | Snake:1  | Reached skill level 10 in Slings
 35675 | Swamp:1  | Entered Level 1 of the Swamp
 36502 | Swamp:1  | Identified the +10 dagger "Deasani" {spect, rN+ rCorr}
 37675 | Swamp:1  | Noticed EachDarkElm's ghost (journeyman MiBe)
 37841 | Swamp:1  | Found a transporter.
 37851 | Swamp:1  | Found a bloodstained altar of Trog.
 37884 | Swamp:1  | Found a transporter.
 41988 | Swamp:2  | Paralysed by a fenstrider witch for 5 turns
 41992 | Swamp:2  | HP: 2/124 [fenstrider witch (10)]
 42750 | Swamp:2  | Got the Tome of Reanimation Made Easy
 44471 | Swamp:4  | Entered Level 4 of the Swamp
 45750 | Swamp:4  | Identified the +0 chain mail of Perpetual Drought {-Tele
                  | Harm rCorr Int+2}
 47465 | Swamp:4  | Reached skill level 10 in Armour
 47476 | Swamp:4  | Reached XP level 17. HP: 111/133 MP: 17/17
 48689 | Swamp:4  | Got a decaying rune of Zot
 49338 | Snake:1  | You fall into a shaft and drop 1 floor!
 49492 | Snake:2  | Noticed Donald
 49513 | Snake:2  | Killed Donald
 51444 | Snake:2  | Found Cimnatz's Book Emporium.
 51445 | Snake:2  | Found Ninon's Jewellery Boutique.
 51446 | Snake:2  | Found Qushimo's Book Emporium.
 54627 | Snake:4  | Entered Level 4 of the Snake Pit
 54872 | Snake:4  | Noticed Saint Roka
 55034 | Snake:4  | Noticed Aizul
 55618 | Snake:4  | Gained mutation: Your touch may irresistibly damage your
                  | foes and sap their willpower. [demonic ancestry]
 55618 | Snake:4  | Reached XP level 18. HP: 130/147 MP: 18/18
 55680 | Snake:4  | Your ally Aizul died
 55876 | Snake:4  | Got a serpentine rune of Zot
 56528 | Vaults:1 | Entered Level 1 of the Vaults
 56872 | Vaults:1 | Reached skill level 10 in Axes
 58036 | Vaults:1 | Found a transporter.
 58084 | Vaults:1 | Found a transporter.
 58864 | Vaults:1 | Found Derchoq's Antique Weapon Boutique.
 58898 | Vaults:1 | Found Ligroupu's Magic Scroll Boutique.
 58910 | Vaults:1 | Bought a scroll of summoning for 190 gold pieces
 58910 | Vaults:1 | Bought a scroll of enchant weapon for 150 gold pieces
 59782 | Vaults:2 | You fall into a shaft and drop 1 floor!
 60874 | Vaults:3 | Noticed Mara
 60883 | Vaults:3 | Noticed dolemite99's illusion
 62917 | Vaults:4 | Noticed Bai Suzhen
 63273 | Vaults:3 | Gained mutation: You have a pair of large horns on your
                  | head. [demonic ancestry]
 63273 | Vaults:3 | Reached XP level 19. HP: 153/153 MP: 19/19
 63312 | Vaults:3 | Noticed dolemite99's illusion
 63358 | Vaults:3 | Killed Bai Suzhen
 63366 | Vaults:3 | Noticed dolemite99's illusion
 63366 | Vaults:3 | Killed Mara
 64545 | Vaults:3 | Cast into level 2 of the Abyss (a wizard)
 64564 | Abyss:2  | Noticed a bone dragon
 64610 | Abyss:2  | Noticed a hellephant
 64998 | Abyss:2  | Slain by a tentacled starspawn

Illustrated notes

Levels and vault maps discovered:
D:1:      elethiomel_arrival_shortcut, layout_basic,
          dreamdust_ecumenical_altar_grove, interstate_on_off
D:2:      layout_rooms, serial_shops, shop, minmay_heptomino_w4
D:3:      corexii_shack_village, layout_basic, marbit_many_paths, uniq_robin
D:4:      layout_loops_cross, minmay_misc_feat_x, uniq_menkaure
D:5:      layout_basic, minmay_temple_entry_purple_smoke, uniq_grinder
D:6:      layout_cave_pools, serial_glass, glass_columns_c, glass_columns_a,
          uniq_duvessa, uniq_edmund
D:7:      layout_loops_ring, serial_shops, shop
D:8:      layout_rooms, gammafunk_temple_overflow_pools, david_lair_generic,
          uniq_erica
D:9:      layout_irregular_city, serial_shops, shop_coins, enter_bailey_5,
          uniq_psyche
D:10:     layout_small_grid
D:11:     layout_cave_pools, hex_large
D:12:     kennysheep_snake, layout_loops_corners, minmay_orc_entry_temple_small,
          special_room [special_room_orc], uniq_maurice
D:13:     layout_long_grid, fedhas_altar_3
D:14:     layout_roguey, david_vaults_5, cheibrodos_ashenzari_chains,
          nicolae_dithmenos_the_darkroom
D:15:     gammafunk_enter_depths_forms, layout_cave_pools,
          gammafunk_ghost_spectres, hangedman_decor_opposing
Lair:1:   layout_misc_corridors, serial_rivers, chequers_serial_rivers_micro_e,
          chequers_serial_rivers_micro_c, chequers_serial_rivers_micro_a,
          chequers_serial_rivers_marsh, lemuel_fruit_tree, grunt_megastairs_5
Lair:2:   layout_regular_city, kennysheep_abandoned_house, grunt_megastairs_3,
          infiniplex_staircase_pool_2, serial_bayou_shore_b,
          serial_bayou_shore_a
Lair:3:   layout_chaotic_city, minmay_swamp_entry_worms
Lair:4:   regret_index_bee_streams, layout_misc_corridors,
          minmay_snake_entry_six_corridors, nicolae_lair_time_for_slime,
          uniq_kirke
Lair:5:   layout_roguey, hellmonk_ghost_happy_afterlife,
          infiniplex_staircase_pool, grunt_megastairs_1
Lair:6:   hellmonk_lair_end_abyssal_woods, layout_misc_corridors, slime_altar_1
Swamp:1:  layout_falls_marsh, gammafunk_ghost_wrathful_warriors,
          evilmike_swamp_ruin_rubble_2
Swamp:2:  nicolae_swamp_standing_stones, layout_basic_swamp,
          nicolae_swamp_treefoil, swamp_pool1,
          nicolae_swamp_necromancy_gone_wrong
Swamp:3:  layout_falls_marsh, evilmike_swamp_ruin_rubble_1, swamp_pool1
Swamp:4:  swamp_fiery, layout_basic_swamp
Snake:1:  layout_grid_shapes, st_stairs_5, serial_bayou_shore_b,
          grunt_megastairs_4
Snake:2:  layout_cave_shapes, serial_bayou_shore_b, minmay_shop_grove,
          uniq_donald
Snake:3:  layout_rooms, grunt_megastairs_2
Snake:4:  grunt_snake_rune_pools, layout_cave_town, uniq_saint_roka, uniq_aizul
Orc:1:    layout_caves, serial_shops, shop, mines2_david, uniq_sonja
Orc:2:    st_orc_ogre_mass, layout_caves
Vaults:1: v_rooms_3, nicolae_vaults_triangles, vaults_dpeg_diagonal, v_misc_17,
          gammafunk_dig_for_victory, nicolae_vaults_shelves_hall,
          nicolae_vaults_network_square, layout_vaults_maze_snakey,
          serial_shops, nicolae_square_shop, nicolae_shop_waterfront
Vaults:2: minmay_crypt_entry_necro_gods, nicolae_vaults_border_crossing,
          v_rooms_4, nicolae_vaults_three_branches, vaults_standard_mumra_x,
          v_misc_4, hangedman_vaults_trim, nicolae_vaults_asterisk,
          vaults_room_ringed_pool, nicolae_vaults_quartermaster, v_misc_24,
          nicolae_vaults_little_squares_1, layout_vaults_ring
Vaults:3: v_alt_pattern_6, ontoclasm_vaults_water_temple, grunt_vaults_swirl,
          vaults_room_stairs_pillars, nicolae_vaults_puzzle_piece,
          v_alt_pattern_1, v_misc_15, hangedman_vaults_trim,
          vaults_mumra_minichess, nicolae_vaults_sealed_display,
          layout_vaults_big_room, uniq_mara
Vaults:4: dpeg_vaults_pockets_of_resistance, ontoclasm_vaults_gateway, v_misc_2,
          ontoclasm_vaults_ring_large, ontoclasm_vaults_shuriken,
          grunt_vaults_hallway_short, vaults_mumra_lcd, grunt_vaults_focal,
          ontoclasm_vaults_decontamination, layout_vaults_omnigrid,
          serial_shops, nicolae_shop_hallway_stairs, uniq_bai_suzhen
Abyss:2:  base: Vaults:2, bh_abyss_exit_spiral

Skill      XL: |  1  2  3  4  5  6  7  8  9 10 11 12 13 14 15 16 17 18 |
---------------+-------------------------------------------------------+-----
Axes           | 2 3 4 5 7 8 14 | 14.9
Maces & Flails | 4 8 10 11 13 | 13.8
Armour         | 3 6 8 10 12 | 12.4
Fighting       | 7 9 10 12 14 | 14.5
Shields        | 7 11 13 | 13.7
Evocations     | 4 7 |  7.5
Slings         | 9 12 | 12.8

Action                   |  1- 3 |  4- 6 |  7- 9 | 10-12 | 13-15 | 16-18 | 19-21 || total
-------------------------+-------+-------+-------+-------+-------+-------+-------++-------
Melee: War axe           |    84 |   168 |    19 |       |     1 |       |       ||   272
       Headbutt          |     5 |    24 |    28 |   112 |   180 |   216 |    62 ||   627
       Tailslap          |       |    14 |    19 |    82 |   129 |   151 |    32 ||   427
       Mace              |       |       |   153 |   551 |   816 |   536 |       ||  2056
       Broad axe         |       |       |       |       |       |   143 |   151 ||   294
 Fire: Fustibalus        |       |       |       |       |   372 |  1134 |    25 ||  1531
Throw: Dart              |    15 |     4 |       |     9 |       |       |       ||    28
       Stone             |       |    23 |    45 |    26 |    40 |    15 |     3 ||   152
       Boomerang         |       |       |       |    80 |    79 |       |       ||   159
Invok: Potion Petition   |       |       |     2 |     1 |     2 |     4 |     5 ||    14
       Bribe Branch      |       |       |       |       |     2 |     1 |       ||     3
Evoke: Wand              |       |       |       |     1 |    34 |    29 |       ||    64
       Phantom mirror    |       |       |       |       |     3 |     9 |     1 ||    13
       Box of beasts     |       |       |       |       |     3 |     7 |       ||    10
       Lightning rod     |       |       |       |       |       |     4 |     2 ||     6
       Phial of floods   |       |       |       |       |       |     1 |       ||     1
  Use: Potion            |       |     2 |       |     2 |     4 |    14 |    10 ||    32
       Scroll            |       |     2 |     3 |    15 |    10 |    21 |     2 ||    53
 Stab: Distracted        |     1 |       |       |     3 |    12 |     8 |       ||    24
       Paralysed         |       |       |       |       |       |     5 |       ||     5
       Invisible         |       |       |       |       |       |       |     1 ||     1
Armor: Scale mail        |    20 |       |       |       |       |       |       ||    20
       Chain mail        |    25 |    81 |       |       |       |       |       ||   106
       Plate armour      |       |     6 |   102 |   260 |   400 |   545 |   121 ||  1434
Dodge: Dodged            |    31 |    40 |    12 |    97 |   136 |   210 |    37 ||   563
Block: Buckler           |    16 |    29 |    70 |   192 |       |       |       ||   307
       Reflection        |       |     1 |     1 |    12 |    19 |    48 |     7 ||    88
       Kite shield       |       |       |       |   114 |   835 |   720 |   113 ||  1782

Table legend: (Time is in decaauts)
 A = Elapsed time spent in this place.
 B = Non-inter-level travel time spent in this place.
 C = Inter-level travel time spent in this place.
 D = Time resting spent in this place.
 E = Time spent auto-exploring this place.
 F = Levels seen in this place.
 G = Mean time per level.
                   A        B        C        D        E       F      G
               +--------+--------+--------+--------+--------+-----+--------+
         Total |  65162 |  62582 |   2580 |  27730 |  23656 |  36 | 1810.1 |
       Dungeon |  20539 |  19436 |   1103 |   6270 |   9781 |  15 | 1369.3 |
          Lair |  13230 |  12504 |    726 |   4448 |   5365 |   6 | 2205.0 |
         Swamp |  13220 |  12956 |    264 |   8517 |   3026 |   4 | 3305.0 |
     Snake Pit |   7320 |   7048 |    272 |   2732 |   2773 |   4 | 1830.0 |
  Orcish Mines |   2532 |   2438 |     94 |    811 |   1044 |   2 | 1266.0 |
        Vaults |   7893 |   7773 |    120 |   4910 |   1633 |   4 | 1973.2 |
         Abyss |    425 |    425 |      0 |     39 |     33 |   1 |  425.0 |
               +--------+--------+--------+--------+--------+-----+--------+

Top non-repeatable levels by time:
 Swamp:2: 4337 daAuts
Vaults:3: 3987 daAuts
  Lair:6: 3493 daAuts
    D:12: 3237 daAuts
 Swamp:1: 3177 daAuts
 Swamp:3: 2954 daAuts
  Lair:3: 2948 daAuts
 Swamp:4: 2751 daAuts
Vaults:1: 2569 daAuts
 Snake:2: 2385 daAuts
  Lair:4: 2217 daAuts
     D:4: 2201 daAuts
     D:9: 2185 daAuts
  Lair:2: 1950 daAuts
 Snake:3: 1939 daAuts
